 Dungeon Crawl Stone Soup version 0.29-a0-1052-g6990b1bffc (webtiles) character file.

Game seed: 6659825120311123666

1856 Zeldest the Covert (level 9, -2/51 (55) HPs)
             Began as a Kobold Delver on Aug 18, 2022.
             Was an Initiate of Dithmenos.
             Slain by a wight
             ... wielding a +5 halberd
              (11 damage)
             ... on level 7 of the Dungeon.
             The game lasted 00:19:23 (7148 turns).

Zeldest the Covert (Kobold Delver)                  Turns: 7148, Time: 00:19:24

HP:   -2/51 (55)    AC:  3    Str:  9    XL:     9   Next: 34%
MP:   23/23         EV: 18    Int: 11    God:    Dithmenos [......]
Gold: 273           SH:  0    Dex: 21    Spells: 14/14 levels left

rFire   . . .      SeeInvis +   a - +0 dagger (elec)
rCold   . . .      Faith    .   (no shield)
rNeg    . . .      Spirit   .   e - +0 robe
rPois   .          Reflect  .   (no helmet)
rElec   .          Harm     .   o - +0 cloak
rCorr   .          Rampage  .   (no gloves)
Will    .....                   (no boots)
Stlth   ++++++....              (no amulet)
HPRegen 0.17/turn               r - ring of see invisible
MPRegen 0.18/turn               w - ring of magical power

@: mighty, drained
A: small, no large weapons, nightstalker 3
a: Renounce Religion


You were on level 7 of the Dungeon.
You worshipped Dithmenos.
Dithmenos was noncommittal.
You visited 2 branches of the dungeon, and saw 8 of its levels.

You collected 273 gold pieces.

Inventory:

Hand Weapons
 a - a +0 dagger of electrocution (weapon)
 b - a +2 vampiric dagger
Armour
 e - a +0 robe (worn)
 o - a +0 cloak (worn)
Jewellery
 r - a ring of see invisible (left hand)
 w - a ring of magical power (right hand)
 C - a ring of wizardry
Wands
 g - a wand of digging (8)
 z - a wand of mindburst (6)
 A - a wand of charming (4)
Scrolls
 d - 5 scrolls of magic mapping
 i - 2 scrolls of poison {unknown}
 l - a scroll of teleportation
 m - a scroll of vulnerability
 n - a scroll of butterflies
 q - a scroll of summoning {unknown}
 v - a scroll of silence {unknown}
 x - 2 scrolls of enchant armour {unknown}
 B - a scroll of amnesia {unknown}
Potions
 c - a potion of brilliance {unknown}
 f - 3 potions of haste
 h - 5 potions of curing
 k - a potion of cancellation {unknown}
 p - a potion of berserk rage {unknown}
 s - 2 potions of mutation
 t - a potion of might
 u - a potion of flight {unknown}


   Skills:
 - Level 5.6 Fighting
 + Level 4.1(5.4) Short Blades
 - Level 3.3(3.7) Long Blades
 + Level 5.7 Dodging
 + Level 9.7 Stealth
 + Level 3.4 Spellcasting
 + Level 3.4 Transmutations
 + Level 3.3 Earth Magic
 + Level 2.3 Invocations


You had 14 spell levels left.
You didn't know any spells.
Your spell library contained the following spells:

 Spells                   Type           Power      Damage    Failure   Level
 Blink                    Tloc           2%         N/A       36%         2
 Gell's Gravitas          Tloc           1%         N/A       58%         3
 Lesser Beckoning         Tloc           1%         N/A       58%         3
 Teleport Other           Tloc           1%         N/A       58%         3
 Manifold Assault         Tloc           1%         N/A       100%        5


Dungeon Overview and Level Annotations

Branches:
Dungeon (7/15)             Temple (1/1) D:4

Altars:
Ashenzari
Cheibriados
Dithmenos
Elyvilon
Fedhas
Kikubaaqudgha
Makhleb
Nemelex Xobeh
Qazlal
Ru
Sif Muna
Trog
Uskayaw
Vehumet
Wu Jian
Xom
Yredelemnul
Zin
The Shining One

Shops:
D:3 :   D:4 :

Annotations:
D:3 2 transporters, Valamore's ghost, weakling FeEE


Innate Abilities, Weirdness & Mutations

You are small and have problems with some larger weapons.
You are completely attuned to the shadows.


Message History

A wight comes into view. It is wielding a +4 long sword.
Found a stone staircase leading down.
Found a faintly humming robe and a book of Lightning.
There is a stone staircase leading down here.
The kobold shouts!
The kobold brigand shouts!
The kobold shouts!
A bullfrog comes into view.
You start waiting.
A wight is nearby!
The wight barely misses you.
You feel very mighty all of a sudden. The wight barely misses you.
You hit the wight but do no damage. You hit the wight.
The wight is lightly damaged.
The wight hits you with a +5 halberd!
You feel drained.
Okay, then.
The wight hits you from afar with a +5 halberd!
You feel drained.
You feel much better.
The wight hits you with a +4 long sword!
The wight hits you from afar with a +5 halberd.
Aiming: Charm
Press: ? - help, Shift-Dir - straight line, f - wight
Aim: a wight, wielding a +4 long sword and wearing a +0 robe (chance to affect: 49%)
The wight resists with some effort.
The wight hits you from afar with a +5 halberd!
* * * LOW HITPOINT WARNING * * *
Aiming: Charm
Press: ? - help, Shift-Dir - straight line, f - wight, p - wight
Aim: a wight, wielding a +3 dagger of freezing and wearing a +0 robe (chance to affect: 49%)
The wight is charmed.
The wight barely misses you. The wight completely misses you.
Okay, then.
Okay, then.
As you read the scroll labelled MUKIEKKE UXASUBAMP, it crumbles to dust.
You hear the tinkle of a tiny bell.
It was a scroll of butterflies.
The wight completely misses you.
The wight hits you from afar with a +5 halberd!
You die...

# ### .######..
########..z......#
#####...............##
#.....######........#
#...########.z......#
###bz.......F.z.....#
##z#######z. .....##
#bz@# .....## #####
.....##


#KKK# ..###.. #...§.# .z#...# ##§.§## ...### ..# .# You could see a kobold
brigand, 2 wights, a kobold and a friendly wight (charmed).

Vanquished Creatures
  Sigmund (D:4)
  Eustachio (D:4)
  An ice beast (D:6)
  An ogre (D:6)
  2 phantoms
  3 bullfrogs
  A kobold brigand (D:7)
  A necrophage (D:6)
  3 hounds
  3 jellies
  8 orc priests
  4 iguanas
  Ijyb (D:4)
  3 orc wizards (D:5)
  13 adders
  2 gnolls
  3 white imps
  An ufetubus (D:5)
  A worm (D:2)
  A dart slug (D:1)
  19 orcs
  5 ball pythons
  8 endoplasms
  7 giant cockroaches
  11 goblins
  7 hobgoblins
  4 jackals (D:1)
  7 quokkas
  6 bats
  5 frilled lizards
  11 kobolds
  8 rats
152 creatures vanquished.

Vanquished Creatures (others)
  13 fungi (D:5)
  3 plants (D:1)
16 creatures vanquished.

Grand Total: 168 creatures vanquished

Notes
Turn   | Place    | Note
-------+----------+-------------------------------------------
     0 | D:5      | Zeldest the Kobold Delver began the quest for the Orb.
     0 | D:5      | Reached XP level 1. HP: 14/14 MP: 1/1
    58 | D:3      | Found a transporter.
    59 | D:3      | Noticed Valamore's ghost (weakling FeEE)
    62 | D:3      | Noticed a water moccasin zombie
   271 | D:1      | Reached XP level 2. HP: 19/19 MP: 2/2
   477 | D:1      | Reached XP level 3. HP: 23/23 MP: 3/3
   536 | D:1      | Reached skill level 7 in Stealth
   892 | D:1      | Reached XP level 4. HP: 29/29 MP: 4/4
  1610 | D:2      | Found a faded altar of an unknown god.
  1744 | D:3      | Found a basalt altar of Yredelemnul.
  1821 | D:3      | Reached XP level 5. HP: 33/33 MP: 5/5
  1949 | D:3      | Found a transporter.
  1992 | D:3      | Found Cepyarru's Book Shop.
  2529 | D:4      | Found a staircase to the Ecumenical Temple.
  2531 | D:4      | Noticed Sigmund
  2535 | Temple   | Entered the Ecumenical Temple
  2677 | D:4      | Killed Sigmund
  2678 | D:4      | Reached skill level 8 in Stealth
  2678 | D:4      | Reached XP level 6. HP: 20/40 MP: 6/6
  2909 | D:4      | Found Lyemuiw's Tremendous Tomes.
  3124 | D:4      | Noticed Ijyb
  3128 | D:4      | Killed Ijyb
  3129 | D:4      | Reached XP level 7. HP: 44/44 MP: 7/7
  3591 | D:4      | Noticed Eustachio
  3597 | D:4      | Killed Eustachio
  3598 | D:4      | Reached skill level 5 in Fighting
  3598 | D:4      | Reached skill level 1 in Spellcasting
  3598 | D:4      | Reached skill level 1 in Transmutations
  3598 | D:4      | Reached skill level 1 in Earth Magic
  4235 | D:5      | Reached skill level 1 in Short Blades
  4305 | D:4      | Reached XP level 8. HP: 26/49 MP: 10/10
  4733 | D:5      | Found an ornate altar of the Wu Jian Council.
  4811 | D:5      | Reached skill level 9 in Stealth
  5044 | D:5      | Found a shadowy altar of Dithmenos.
  5065 | D:5      | Became a worshipper of Dithmenos the Shadowed
  5501 | D:2      | Found a glowing silver altar of Zin.
  6107 | D:6      | Reached skill level 5 in Dodging
  6249 | D:6      | Reached skill level 1 in Invocations
  6317 | D:6      | Reached XP level 9. HP: 46/55 MP: 13/13
  6367 | D:6      | Found a blossoming altar of Fedhas.
  7018 | D:7      | Found a shimmering altar of Xom.
  7148 | D:7      | Slain by a wight

Illustrated notes

Levels and vault maps discovered:
D:1:      mushboom_english_gardens, layout_basic, serial_forest,
          infiniplex_forest_end_2, infiniplex_forest_straight_4,
          infiniplex_forest_straight_2, infiniplex_forest_straight_4,
          infiniplex_forest_split, infiniplex_forest_diagonal,
          infiniplex_forest_lined_corner, infiniplex_forest_clump_small,
          infiniplex_forest_corner_1, minmay_tetromino_o2
D:2:      minmay_evil_eye, layout_basic, basic_altar,
          shapermc_ecumenical_altar_mp_highgroup
D:3:      layout_loops_cross, lemuel_doored_altar, serial_shops,
          nicolae_lakefront_shop, gammafunk_ghost_mausoleum
D:4:      layout_basic, minmay_temple_entry_tees, serial_co_window_serial,
          co_window_paths_a, co_window_paths_a, co_window_corner_a,
          co_window_paths_a, co_window_paths_a, co_window_corner_a,
          co_window_corner_b, co_window_2corner, co_window_unsneaky_path_d,
          co_window_sun, nicolae_shop_i_like_big_books, uniq_ijyb, uniq_sigmund,
          uniq_eustachio
D:5:      layout_rooms, lemuel_crystal_altar, grunt_dithmenos_shadows,
          serial_aquarium, aquarium_bridge_square [aquarium_subvault_wall,
          aquarium_subvault_window, aquarium_subvault_bridge,
          aquarium_subvault_window], aquarium_window_fake, aquarium_window_2,
          aquarium_view_2e, aquarium_view_2b, aquarium_balcony_3a,
          aquarium_pool_side
D:6:      layout_gridville, mainiacjoe_overflow_cross_hatched
D:7:      due_chaos_kobolds, layout_rooms, led_xom_imps
Temple:   nicolae_temple_ecumenical_triangle

Skill      XL: |  1  2  3  4  5  6  7  8  9 |
---------------+----------------------------+-----
Dodging        | 3 4 5 |  5.7
Stealth        | 7 8 9 |  9.7
Long Blades    | 2 3 |  3.3
Fighting       | 4 5 |  5.6
Spellcasting   | 1 2 3 |  3.4
Transmutations | 1 3 |  3.4
Earth Magic    | 1 2 3 |  3.3
Short Blades   | 1 3 4 |  4.1
Invocations    | 1 2 |  2.3

Action                   |  1- 3 |  4- 6 |  7- 9 || total
-------------------------+-------+-------+-------++-------
Melee: Dagger            |   136 |   156 |   239 ||   531
       Falchion          |     1 |       |       ||     1
       Punch             |     1 |       |     3 ||     4
Evoke: Wand              |       |     1 |     6 ||     7
  Use: Scroll            |       |     4 |     8 ||    12
       Potion            |       |     3 |     3 ||     6
 Stab: Sleeping          |    16 |    24 |    35 ||    75
       Fleeing           |       |     2 |       ||     2
       Distracted        |       |       |     3 ||     3
Armor: Leather armour    |    29 |    29 |       ||    58
       Robe              |       |       |    18 ||    18
Dodge: Dodged            |    77 |    99 |   161 ||   337

Table legend: (Time is in decaauts)
 A = Elapsed time spent in this place.
 B = Non-inter-level travel time spent in this place.
 C = Inter-level travel time spent in this place.
 D = Time resting spent in this place.
 E = Time spent auto-exploring this place.
 F = Levels seen in this place.
 G = Mean time per level.
                   A        B        C        D        E       F      G
               +--------+--------+--------+--------+--------+-----+--------+
         Total |   7071 |   6848 |    223 |    967 |   3926 |   8 |  883.9 |
       Dungeon |   6952 |   6729 |    223 |    967 |   3908 |   7 |  993.1 |
        Temple |    119 |    119 |      0 |      0 |     18 |   1 |  119.0 |
               +--------+--------+--------+--------+--------+-----+--------+

Top non-repeatable levels by time:
     D:4: 1896 daAuts
     D:2: 1253 daAuts
     D:5: 976 daAuts
     D:3: 895 daAuts
     D:1: 888 daAuts
     D:6: 725 daAuts
     D:7: 317 daAuts
  Temple: 119 daAuts
